 Dungeon Crawl Stone Soup version 0.30.1-9-gdf580d7c3d (webtiles) character file.

Game seed: 12913714645447301213

1603 HagarQim the Stinger (level 8, 0/46 (50) HPs)
             Began as an Octopode Venom Mage on Oct 2, 2023.
             Was an Initiate of Gozag.
             Slain by a wight
             ... wielding a +5 mace of freezing
              (7 damage)
             ... on level 6 of the Dungeon.
             The game lasted 00:17:34 (6730 turns).

HagarQim the Stinger (Octopode Venom Mage)          Turns: 6730, Time: 00:17:34

HP:   0/46 (50)     AC:  1    Str:  8    XL:     8   Next: 94%
MP:   0/15          EV: 14    Int: 19    God:    Gozag
Gold: 326           SH:  0    Dex: 12    Spells: 8/17 levels left

rFire   . . .        r - +2 short sword (elec)
rCold   . . .        (no shield)
rNeg    . . .        (helmet restricted)
rPois   .            n - amulet of guardian spirit
rElec   .            d - ring of see invisible
rCorr   .            (no ring)
SInv    +            (no ring)
Will    .....        (no ring)
Stlth   ++++         (no ring)
HPRegen 0.27/turn    (no ring)
MPRegen 0.14/turn    (no ring)
                     (no ring)

%: guardian spirit
@: gold aura, drained
A: almost no armour, amphibious, 8 rings, camouflage 1, gelatinous body 1,
(nimble swimmer 1), tentacles
a: Renounce Religion, Potion Petition, Call Merchant, Bribe Branch


You were on level 6 of the Dungeon.
You worshipped Gozag.
Gozag was aware of your devotion.
You visited 2 branches of the dungeon, and saw 7 of its levels.

You collected 380 gold pieces.
You paid 54 gold pieces to Gozag.

Inventory:

Hand Weapons
 h - a +0 short sword
 m - a +0 dagger
 r - a +2 short sword of electrocution (weapon)
Missiles
 p - 6 atropa-tipped darts
Jewellery
 d - a ring of see invisible (left tentacle)
 n - an amulet of guardian spirit (around mantle)
 v - a +4 ring of protection
Scrolls
 b - 3 scrolls of teleportation
 e - a scroll of poison
 g - 2 scrolls of amnesia
 j - a scroll of summoning {unknown}
 k - a scroll of fear
 t - a scroll of immolation {unknown}
 u - a scroll of enchant weapon {unknown}
Potions
 a - a potion of magic
 c - 2 potions of brilliance
 f - 3 potions of heal wounds
 i - 2 potions of might {unknown}
 l - a potion of lignification {unknown}
 o - a potion of mutation {unknown}
 q - 2 potions of berserk rage
 s - a potion of flight {unknown}


   Skills:
 + Level 1.9 Fighting
 + Level 2.5 Short Blades
 * Level 4.7 Dodging
 + Level 4.9 Stealth
 + Level 5.0 Spellcasting
 * Level 2.0 Hexes
 + Level 2.5 Transmutations
 + Level 4.0 Air Magic
 + Level 6.5 Poison Magic


You had 8 spell levels left.
You knew the following spells:

 Your Spells              Type           Power      Damage    Failure   Level
a - Sting                 Tmut/Pois      88%        1d7       1%          1
b - Poisonous Vapours     Pois/Air       48%        N/A       2%          2
c - Mephitic Cloud        Conj/Pois/Air  18%        N/A       9%          3
d - Tukima's Dance        Hex            12%        N/A       16%         3

Your spell library contained the following spells:

 Spells                   Type           Power      Damage    Failure   Level
 Olgreb's Toxic Radiance  Pois           29%        N/A       9%          4
 Freeze                   Ice            16%        1d4       12%         1
 Frozen Ramparts          Ice            8%         1d2       36%         3
 Hailstorm                Conj/Ice       4%         3d4       36%         3
 Passage of Golubria      Tloc           4%         N/A       77%         4
 Yara's Violent Unravell  Hex/Tmut       6%         3d5       80%         5
 Freezing Cloud           Conj/Ice/Air   4%         6-21      89%         5


Dungeon Overview and Level Annotations

Branches:
Dungeon (6/15)             Temple (1/1) D:5

Altars:
Ashenzari
Cheibriados
Dithmenos
Fedhas
Gozag
Hepliaklqana
Kikubaaqudgha
Makhleb
Nemelex Xobeh
Okawaru
Qazlal
Ru
Sif Muna
Trog
Uskayaw
Vehumet
Wu Jian
Xom
Zin
The Shining One

Shops:
D:2 *


Innate Abilities, Weirdness & Mutations

You cannot wear most types of armour.
You are amphibious.
You can wear up to eight rings at the same time.
Your skin changes colour to match your surroundings (Stealth+).
Your rubbery body absorbs attacks. (AC +1, EV +1)
((You are camouflaged when in or above water. (Stealth+)))
You have tentacles for arms and can constrict up to eight enemies at once.


Message History

Casting: Sting (safe; 1% risk of failure)
Confirm with . or Enter, or press ? or * to list all spells.
Aiming: Sting (safe; 1% risk of failure)
Press: ? - help, Shift-Dir - straight line, f/p - wight
Aim: a wight, wielding a +0 spear and wearing a +0 ring mail (lightly damaged, 79% to hit)
The sting misses the wight.
The wight hits you from afar with a +0 spear!
The wight hits you with a +0 spear.
You feel drained.
Things that are here:
11 gold pieces; a +3 halberd; a +0 robe You closely miss the wight.
You grab the wight.
The wight is lightly damaged.
You constrict the wight, but do no damage.
The wight hits you with a +0 spear.
You hit the wight but do no damage.
The wight is lightly damaged.
You constrict the wight. The wight barely misses you.
You hit the wight but do no damage. Lightning courses through the wight!
You destroy the wight!
Your life force feels restored.
Your Hexes skill increases to level 2!
Unknown command.
You barely miss the wight. You grab the wight. You constrict the wight.
The wight hits you with a +5 mace of freezing!
You feel drained. The wight freezes you.
You hit the wight. You squeeze the wight.
The wight is moderately damaged.
You constrict the wight.
The wight hits you with a +5 mace of freezing!
* * * LOW HITPOINT WARNING * * *
You feel drained.
* * * LOW HITPOINT WARNING * * *
The wight freezes you.
* * * LOW HITPOINT WARNING * * *
You barely miss the wight.
The wight is moderately damaged.
You constrict the wight.
The wight hits you with a +5 mace of freezing!
You die...
Your body crumbles into a pile of gold.

.......>.# #........#
........##
######........#
......#.#
#.............#
#####.#.#
#.####........#####
##....#.#####.#
#.............
...........)..#
#######.......
##.####.#####.#
....... ...# #.#
##############.......
#### #.#
#.....@z....)........
#.. #.#
#.###########........
#.### #.# #.#
#........
#...###.###.#
#...[....
#........##.#
#....#...$
#.#.###.)##.# #....#
.. #.#.# #.....##
#....# . #.#.#
####...### #....#
#.#.# ###...##


You could see a wight.

Vanquished Creatures
  Edmund (D:5)
  A sky beast (D:4)
  2 black bears
  An ogre (D:6)
  2 centaurs
  A phantom (D:6)
  A kobold brigand (D:6)
  2 bullfrogs (D:6)
  A scorpion (D:5)
  3 wights (D:6)
  A howler monkey (D:6)
  A hound (D:5)
  A sleepcap (D:5)
  4 iguanas
  3 orc wizards
  4 gnolls (D:5)
  5 adders
  A shadow imp (D:5)
  A white imp (D:6)
  2 ufetubi (D:4)
  2 worms (D:3)
  2 dart slugs
  11 orcs
  8 ball pythons
  3 bats
  14 endoplasms
  2 giant cockroaches
  7 goblins
  12 hobgoblins
  2 jackals (D:2)
  11 kobolds
  2 quokkas
  3 frilled lizards
  4 rats
121 creatures vanquished.

Notes
Turn   | Place    | Note
-------+----------+-------------------------------------------
     0 | D:1      | HagarQim the Octopode Venom Mage began the quest for the
                  | Orb.
     0 | D:1      | Reached XP level 1. HP: 11/11 MP: 3/3
   156 | D:1      | Reached skill level 4 in Poison Magic
   273 | D:1      | Reached XP level 2. HP: 17/17 MP: 3/5
   370 | D:1      | Learned a level 2 spell: Poisonous Vapours
   800 | D:1      | Reached XP level 3. HP: 18/22 MP: 2/6
  1664 | D:2      | Learned a level 3 spell: Mephitic Cloud
  1696 | D:2      | Found Wutepsuj's Assorted Antiques.
  1713 | D:2      | Reached XP level 4. HP: 23/27 MP: 7/7
  2644 | D:3      | Found an iron altar of Okawaru.
  2665 | D:3      | Reached skill level 1 in Air Magic
  3193 | D:4      | Reached XP level 5. HP: 24/32 MP: 6/9
  3304 | D:4      | Reached skill level 1 in Short Blades
  3571 | D:4      | Reached skill level 5 in Poison Magic
  3571 | D:4      | Reached XP level 6. HP: 26/37 MP: 1/10
  3682 | D:4      | Noticed a sky beast
  3712 | D:4      | Killed a sky beast
  3713 | D:4      | Reached skill level 1 in Fighting
  4258 | D:5      | Entered Level 5 of the Dungeon
  4440 | D:5      | Reached XP level 7. HP: 26/43 MP: 0/13
  4723 | D:5      | Found a staircase to the Ecumenical Temple.
  4731 | Temple   | Entered the Ecumenical Temple
  5134 | Temple   | Became a worshipper of Gozag Ym Sagoz the Greedy
  5199 | D:5      | Noticed Edmund
  5208 | D:5      | Killed Edmund
  5408 | D:5      | Reached XP level 8. HP: 48/48 MP: 1/14
  5819 | D:6      | Reached skill level 6 in Poison Magic
  5844 | D:6      | Learned a level 3 spell: Tukima's Dance
  6047 | D:6      | Reached skill level 1 in Hexes
  6459 | D:6      | Identified the +1 leather armour "Nirr" {*Slow rElec rN+}
  6618 | D:6      | Reached skill level 5 in Spellcasting
  6730 | D:6      | Slain by a wight

Illustrated notes

Levels and vault maps discovered:
D:1:      ldierk_walled_garden_2, layout_loops_ring, minmay_shallow_snake_nest
D:2:      layout_basic, serial_shops, nicolae_shop_trees
D:3:      layout_rooms, okawaru_gym_becter
D:4:      layout_basic
D:5:      layout_rooms, minmay_temple_entry_trees, uniq_edmund
D:6:      layout_basic
Temple:   compressed_dpeg_triangle_lava_temple

Skill      XL: |  1  2  3  4  5  6  7  8 |
---------------+-------------------------+-----
Poison Magic   | 4 5 6 |  6.5
Stealth        | 3 4 |  4.9
Air Magic      | 1 2 3 4 |  4.0
Spellcasting   | 3 4 5 |  5.0
Short Blades   | 1 2 |  2.5
Fighting       | 1 |  1.9
Dodging        | 3 4 |  4.7
Transmutations | 2 |  2.5
Hexes          | 2 |  2.0

Action                     |  1- 3 |  4- 6 |  7- 9 || total
---------------------------+-------+-------+-------++-------
  Melee: Unarmed           |     6 |       |       ||     6
         Constrict         |    10 |    22 |    21 ||    53
         Tentacles         |    12 |    19 |    23 ||    54
         Short sword       |    31 |    35 |    81 ||   147
         Punch             |     3 |     2 |     3 ||     8
         Dagger            |    21 |    43 |       ||    64
   Cast: Sting             |    33 |     6 |    11 ||    50
         Poisonous Vapours |    14 |    37 |    41 ||    92
    Use: Scroll            |       |    11 |       ||    11
         Potion            |       |     1 |       ||     1
   Stab: Sleeping          |     4 |     6 |     4 ||    14
 Armour: Skin              |     5 |     2 |     5 ||    12
  Dodge: Dodged            |    29 |    38 |    50 ||   117
